 Dungeon Crawl Stone Soup version 0.24-a0-446-g87df7205b4 (webtiles) character file.

Game seed: 7332903078780442565

5417 Azzok the Grappler (level 10, 0/85 HPs)
             Began as a Grey Draconian Transmuter on June 23, 2019.
             Was a Priest of Cheibriados.
             Shot with a bolt by an orc (8 damage)
             ... in a bailey.
             The game lasted 00:19:38 (9762 turns).

Azzok the Grappler (Grey Draconian Transmuter)      Turns: 9762, Time: 00:19:39

Health: 0/85       AC:  7    Str: 20    XL:     10   Next: 40%
Magic:  16/16      EV: 12    Int: 26    God:    Cheibriados [***...]
Gold:   424        SH:  0    Dex: 19    Spells: 5/17 levels left

rFire    . . .     SeeInvis .     - Unarmed
rCold    + + +     Gourm    .   (shield currently unavailable)
rNeg     . . .     Faith    .   (armour unavailable)
rPois    +         Spirit   .   (helmet currently unavailable)
rElec    .         Reflect  .   (cloak currently unavailable)
rCorr    .         Harm     .   (gloves currently unavailable)
MR       .....                  (boots currently unavailable)
Stlth    ++........             e - amulet of regeneration
HPRegen  0.64/turn              m - ring of protection from fire
MPRegen  0.15/turn              (no ring)

@: ice-form, very slow
A: large, (walk through water), unfitting armour, AC +12
a: End Transformation, Bend Time, Temporal Distortion, Renounce Religion


You were in a bailey.
You worshipped Cheibriados.
Cheibriados was most pleased with you.
You were not hungry.
You were a creature of crystalline ice.
You visited 1 branch of the dungeon, and saw 9 of its levels.
You also visited: Bailey.

You collected 424 gold pieces.

Inventory:

Hand Weapons
 u - the +5 hand axe "Fyoplyse" (melded) {chop, Str+3}
   (You found it on level 4 of the Dungeon)

   It inflicts extra damage upon your enemies.
   It affects your strength (+3).
Missiles
 a - 205 arrows
 x - 3 throwing nets (quivered)
Armour
 n - a +0 cloak (melded)
 p - a +1 pair of boots of stealth (melded)
 z - a +1 pair of gloves (melded)
Jewellery
 e - an amulet of regeneration (around neck)
 m - a ring of protection from fire (left front paw)
Wands
 l - a wand of paralysis (18)
 r - a wand of digging (6)
Scrolls
 b - 6 scrolls of teleportation
 f - 2 scrolls of enchant armour
Potions
 d - 2 potions of might
 g - a potion of magic
 i - 2 potions of lignification
 j - 4 potions of brilliance
 k - 4 potions of curing
 o - 2 potions of ambrosia
 s - 3 potions of cancellation
 t - 2 potions of mutation {!q}
Comestibles
 c - 5 rations


   Skills:
 - Level 1.1 Fighting
 - Level 4.0 Dodging
 + Level 8.9 Unarmed Combat
 - Level 4.0 Spellcasting
 + Level 8.5 Transmutations
 - Level 3.1 Ice Magic
 + Level 6.1 Invocations
 + Level 5.3 Evocations


You had 5 spell levels left.
You knew the following spells:

 Your Spells              Type           Power        Failure   Level  Hunger
a - Blade Hands           Tmut           #####.....   7%          5    #####..
b - Spider Form           Tmut/Pois      ####......   4%          3    ##.....
c - Ice Form              Ice/Tmut       #####...     8%          4    ####...

Your spell library contained the following spells:

 Spells                   Type           Power        Failure   Level  Hunger
 Beastly Appendage        Tmut           #####.       1%          1    None
 Sticks to Snakes         Tmut           #####...     1%          2    None
 Animate Skeleton         Necr           N/A          9%          1    None
 Flame Tongue             Conj/Fire      #....        9%          1    None
 Pain                     Necr           #...         9%          1    None
 Summon Small Mammal      Summ           #...         9%          1    None
 Call Imp                 Summ           #.......     13%         2    None
 Throw Flame              Conj/Fire      #.....       13%         2    None
 Call Canine Familiar     Summ           #.......     26%         3    ##.....
 Conjure Flame            Conj/Fire      #.......     26%         3    ##.....
 Inner Flame              Hex/Fire       #.......     26%         3    ##.....
 Regeneration             Chrm/Necr      #.........   26%         3    ##.....
 Summon Guardian Golem    Hex/Summ       #.......     26%         3    ##.....
 Vampiric Draining        Necr           #.........   26%         3    ##.....
 Summon Ice Beast         Ice/Summ       ##......     41%         4    ####...
 Animate Dead             Necr           N/A          63%         4    ####...
 Sticky Flame             Conj/Fire      #.......     63%         4    ####...
 Summon Lightning Spire   Summ/Air       #.......     63%         4    ####...
 Fireball                 Conj/Fire      #.........   93%         5    #####..


Dungeon Overview and Level Annotations

Branches:
Dungeon (9/15)             Temple (0/1) D:7            Lair (0/6) D:8
    Orc: D:9-12

Altars:
Ashenzari
Cheibriados
Dithmenos
Fedhas
Hepliaklqana
Kikubaaqudgha
Nemelex Xobeh
Okawaru
Ru
Trog
The Shining One

Annotations:
D:6 2 transporters, forest's ghost, novice SpAs


Innate Abilities, Weirdness & Mutations

((You can walk through water.))
((Your dull iron-grey scales are very hard. (AC +12)))
You cannot fit into any form of body armour.
((You can survive without breathing.))
((You are cold-blooded and may be slowed by cold attacks.))


Message History

The orc warrior is heavily wounded.
You hit the orc warrior. You freeze the orc warrior.
The orc warrior is severely wounded.
The orc warrior hits you!
* * * LOW HITPOINT WARNING * * *
Okay, then.
You punch the orc warrior! You freeze the orc warrior.
You kill the orc warrior!
Cheibriados appreciates the change of pace.
You see here a bolt.
You see here a bolt.
You see here a bolt.
The orc shoots a bolt.
The bolt misses you.
The orc shoots a bolt.
The bolt barely misses you.
You see here 2 bolts.
The orc shoots a bolt.
The bolt hits you!
* * * LOW HITPOINT WARNING * * *
You see here a bolt.
The orc shoots a bolt.
The bolt hits you!
You die...

≈≈≈≈≈≈≈≈≈≈≈······▒
≈ ≈▒·▒≈≈···(··▒
≈≈≈≈▒▒·▒▒≈······▒
≈≈≈≈≈··^))≈······▒
≈≈≈≈≈▒∩·▒▒≈······▒
≈≈≈≈≈≈▒·▒≈≈······▒
▒≈≈≈≈≈≈≈≈≈≈······▒
▒▒≈≈≈≈≈≈≈≈≈······▒
▒▒≈≈≈≈≈≈≈≈···Y··▒
▒≈≈≈≈≈≈≈≈···(··▒
▒▒≈≈≈≈≈≈≈···(··▒
≈≈≈≈≈≈······▒
≈≈≈≈≈≈≈······▒
▒≈≈≈≈≈≈≈······▒
▒≈≈≈o≈≈≈······▒
▒≈≈≈≈≈≈≈·(·(··▒
≈≈≈≈≈≈≈≈···(··▒


You could see an orc.

Vanquished Creatures
  Harold (D:8)
  A komodo dragon (D:8)
  A hornet (D:8)
  9 orc warriors
  Duvessa (D:7)
  An ice beast (D:7)
  2 black bears
  2 ogres
  A phantom (D:5)
  2 sky beasts
  5 centaurs
  A big kobold (D:7)
  A bullfrog (D:8)
  Dowan (D:7)
  2 scorpions
  6 killer bees
  6 howler monkeys
  4 crimson imps
  A bullfrog zombie (D:8)
  6 orc priests
  A centaur zombie (D:5)
  3 hounds (D:7)
  A bullfrog skeleton (D:4)
  6 orc wizards
  5 iguanas
  Natasha (thrice) (D:2)
  7 worker ants
  A howler monkey zombie (D:6)
  8 gnolls (D:8)
  14 adders
  An adder skeleton (D:5)
  5 worms
  2 dart slugs
  9 leopard geckos
  42 orcs
  6 giant cockroaches
  11 goblins
  10 hobgoblins
  7 jackals
  4 quokkas
  8 bats
  9 frilled lizards
  8 kobolds
  A leopard gecko skeleton (D:5)
  A quokka skeleton (D:4)
  7 rats
234 creatures vanquished.

Vanquished Creatures (others)
  3 plants (D:8)
3 creatures vanquished.

Grand Total: 237 creatures vanquished

Notes
Turn   | Place    | Note
-------+----------+-------------------------------------------
     0 | D:1      | Azzok the Draconian Transmuter began the quest for the Orb.
     0 | D:1      | Reached XP level 1. HP: 16/16 MP: 3/3
   383 | D:1      | Reached XP level 2. HP: 23/23 MP: 5/5
  1303 | D:1      | Reached XP level 3. HP: 5/28 MP: 4/6
  1450 | D:1      | Learned a level 3 spell: Spider Form
  1619 | D:2      | Noticed Natasha
  1625 | D:2      | Killed Natasha
  1625 | D:2      | Reached XP level 4. HP: 22/35 MP: 5/7
  1862 | D:2      | Noticed Natasha
  1922 | D:2      | Killed Natasha
  2005 | D:2      | Reached XP level 5. HP: 34/40 MP: 8/8
  2215 | D:2      | Noticed Natasha
  2218 | D:2      | Killed Natasha
  3063 | D:3      | Reached XP level 6. HP: 47/47 MP: 5/9
  3568 | D:4      | Learned a level 4 spell: Ice Form
  3790 | D:4      | Got a brightly glowing hand axe
  3791 | D:4      | Identified the +5 hand axe "Fyoplyse" {chop, Str+3} (You
                  | found it on level 4 of the Dungeon)
  4204 | D:4      | Reached skill level 5 in Unarmed Combat
  4300 | D:4      | Found a bloodstained altar of Trog.
  4578 | D:4      | Your scales start taking on a dull iron-grey colour.
  4578 | D:4      | Reached XP level 7. HP: 52/52 MP: 10/10
  4578 | D:4      | Gained mutation: You can survive without breathing. [Grey
                  | Draconian growth]
  4587 | D:5      | Entered Level 5 of the Dungeon
  4658 | D:5      | Reached skill level 5 in Transmutations
  4852 | D:5      | Reached skill level 1 in Ice Magic
  4891 | D:5      | Found a shattered altar of Ashenzari.
  5095 | D:5      | Found a hazy altar of Hepliaklqana.
  5138 | D:5      | Reached XP level 8. HP: 59/59 MP: 9/12
  5460 | D:5      | Found an ancient bone altar of Kikubaaqudgha.
  5571 | D:5      | Found a blossoming altar of Fedhas.
  5571 | D:5      | Found a snail-covered altar of Cheibriados.
  5660 | D:5      | Became a worshipper of Cheibriados the Contemplative
  5942 | D:6      | Found a transporter.
  5942 | D:6      | Noticed forest's ghost (novice SpAs)
  5958 | D:6      | Found a sacrificial altar of Ru.
  6039 | D:6      | Reached skill level 1 in Invocations
  6185 | D:6      | Found a shadowy altar of Dithmenos.
  6242 | D:6      | Found a transporter.
  6383 | D:6      | Found a glowing golden altar of the Shining One.
  6789 | D:7      | Reached * piety under Cheibriados
  6795 | D:7      | Reached skill level 1 in Evocations
  6869 | D:7      | HP: 2/59 [orc warrior/+0 short sword (19)]
  6870 | D:7      | Reached XP level 9. HP: 2/64 MP: 12/15
  7146 | D:7      | Found a staircase to the Ecumenical Temple.
  7272 | D:7      | Noticed Duvessa
  7272 | D:7      | Noticed Dowan
  7281 | D:7      | Killed Duvessa
  7289 | D:7      | Killed Dowan
  7289 | D:7      | Reached ** piety under Cheibriados
  7778 | D:7      | Learned a level 5 spell: Blade Hands
  7989 | D:8      | Noticed Harold
  8003 | D:8      | Killed Harold
  8003 | D:8      | Reached skill level 5 in Invocations
  8032 | D:8      | Reached XP level 10. HP: 12/71 MP: 11/16
  8035 | D:8      | Reached *** piety under Cheibriados
  8188 | D:8      | Found an iron altar of Okawaru.
  8556 | D:8      | Found a staircase to the Lair.
  8623 | D:8      | Found a bloodstained altar of Trog.
  8930 | D:8      | Reached skill level 5 in Evocations
  9107 | D:8      | Found a sparkling altar of Nemelex Xobeh.
  9330 | D:9      | Found a flagged portal.
  9344 | Bailey   | Entered a bailey
  9762 | Bailey   | Shot with a bolt by an orc

Levels and vault maps discovered:
D:1:      dpeg_arrival_rhombi, layout_basic
D:2:      layout_loops_ring, uniq_natasha
D:3:      layout_basic
D:4:      layout_basic, trog_butcher_becter
D:5:      layout_basic, lemuel_coloured_pillars_altar, kennysheep_mini_moat,
          gammafunk_temple_overflow_pools, first_ration, evilmike_ruin_ashenzari
D:6:      layout_loops_corners, overflow_temple_1_default, old_standard_altar,
          nicolae_overflow_crystal_walls, gammafunk_ghost_mausoleum
D:7:      layout_loops_ring, minmay_temple_entry_stoned_glass,
          chequers_serial_rivers_micro_b, uniq_duvessa
D:8:      layout_loops_ring, okawaru_altar_gauntlet_db, lemuel_round_altar,
          nemelex_xobeh_ov_fountains_minmay, david_lair_shrubbed, uniq_harold
D:9:      layout_long_grid, lemuel_crystal_altar,
          amethyst_overflow_temple_binary, enter_bailey_1, serial_glass,
          glass_columns_a, glass_columns_a, glass_columns_b, glass_columns_c,
          glass_columns_c, glass_columns_c, ebering_ghost_disaster_area,
          uniq_erica
Bailey:   bailey_polearm_2, bailey

Skill      XL: |  1  2  3  4  5  6  7  8  9 10 |
---------------+-------------------------------+-----
Dodging        | 2 3 4 |  4.0
Transmutations | 3 4 5 6 7 8 |  8.5
Unarmed Combat | 4 5 6 7 8 |  8.9
Ice Magic      | 2 3 |  3.1
Spellcasting   | 3 4 |  4.0
Invocations    | 2 5 6 |  6.1
Evocations     | 1 4 5 |  5.3
Fighting       | |  1.1

Action                   |  1- 3 |  4- 6 |  7- 9 | 10-12 || total
-------------------------+-------+-------+-------+-------++-------
Melee: Unarmed           |   119 |   179 |   240 |    62 ||   600
       Tailslap          |    13 |    12 |    14 |     3 ||    42
       Kick              |     1 |       |       |       ||     1
       Headbutt          |       |     2 |       |       ||     2
       Hand axe          |       |    55 |    92 |     2 ||   149
       Punch             |       |     2 |     3 |     2 ||     7
 Cast: Beastly Appendage |     2 |     1 |       |       ||     3
       Spider Form       |     1 |    13 |    24 |     3 ||    41
       Ice Form          |       |       |     2 |     2 ||     4
       Blade Hands       |       |       |     1 |    10 ||    11
Evoke: Wand              |       |       |     1 |    19 ||    20
  Use: Potion            |     3 |       |     4 |       ||     7
       Scroll            |     1 |     7 |     3 |     7 ||    18
 Stab: Sleeping          |     1 |       |       |     1 ||     2
       Paralysed         |       |       |     1 |     2 ||     3
  Eat: Chunk             |     3 |    11 |     9 |     4 ||    27
       Ration            |       |       |     2 |       ||     2
Armor: Skin              |    34 |    51 |    95 |    15 ||   195
Dodge: Dodged            |    74 |   153 |   294 |    75 ||   596

Table legend:
 A = Non-vault XP
 B = Vault XP
 C = Vault XP percentage of total XP
 D = Non-vault monster count
 E = Vault monster count
 F = Vault count percentage of total count
                 A         B        C        D         E       F
            +---------+---------+-------+---------+---------+-------
      Total |    5575 |    2164 |  28.0 |     213 |      21 |   9.0
            +---------+---------+-------+---------+---------+-------
        D:1 |      47 |       0 |   0.0 |      23 |       0 |   0.0
        D:2 |     164 |      35 |  17.6 |      23 |       1 |   4.2
        D:3 |     180 |       0 |   0.0 |      31 |       0 |   0.0
        D:4 |     306 |       8 |   2.5 |      14 |       4 |  22.2
        D:5 |    1059 |       0 |   0.0 |      32 |       0 |   0.0
        D:6 |     581 |       0 |   0.0 |      13 |       0 |   0.0
        D:7 |    1399 |     216 |  13.4 |      41 |       2 |   4.7
        D:8 |    1805 |    1343 |  42.7 |      35 |       8 |  18.6
        D:9 |      34 |       0 |   0.0 |       1 |       0 |   0.0
     Bailey |       0 |     562 | 100.0 |       0 |       6 | 100.0
            +---------+---------+-------+---------+---------+-------
